 Dungeon Crawl Stone Soup version 0.30-a0-571-gdf30a72648 (webtiles) character file.

Game seed: 15586149398421724953

67 experimilk the Conjurer (level 3, -1/26 HPs)
             Began as a Draconian Conjurer on Dec 30, 2022.
             Slain by an orc wizard
             ... wielding a +0 dagger
              (2 damage)
             ... on level 2 of the Dungeon.
             The game lasted 00:02:18 (1457 turns).

experimilk the Conjurer (Draconian Conjurer)        Turns: 1457, Time: 00:02:19

Health: -1/26      AC:  6    Str:  7 (9)  XL:     3   Next: 98%
Magic:  2/7        EV: 11    Int: 18 (20) God:
Gold:   42         SH:  0    Dex:  6 (9)  Spells: 4/7 levels left

rFire   + . .      SeeInvis .    d - +0 whip
rCold   . . .      Faith    .    (no shield)
rNeg    . . .      Spirit   .    (body armour unavailable)
rPois   .          Reflect  .    (helmet restricted)
rElec   .          Harm     .    (no cloak)
rCorr   .          Rampage  .    (no gloves)
Will    .....                    e - +0 pair of boots
Stlth   +                        (no amulet)
HPRegen 0.24/turn                g - ring of protection from fire
MPRegen 0.10/turn                (no ring)

@: no status effects
A: AC +5, unfitting armour, cold-blooded, MP-powered wands
a: no special abilities


You were on level 2 of the Dungeon.
You visited 1 branch of the dungeon, and saw 2 of its levels.

You collected 42 gold pieces.

Inventory:

Hand Weapons
 d - a +0 whip (weapon)
Armour
 e - a +0 pair of boots (worn)
Jewellery
 g - a ring of protection from fire (left hand)
Scrolls
 b - a scroll of enchant weapon {unknown}
 c - a scroll of teleportation
 f - a scroll of identify {unknown}
 i - a scroll of amnesia
 k - a scroll of poison {unknown}
Potions
 h - 2 potions of degeneration


   Skills:
 - Level 1.7 Dodging
 - Level 1.7 Stealth
 + Level 2.7 Spellcasting
 * Level 5.1 Conjurations


You had 4 spell levels left.
You knew the following spells:

 Your Spells              Type           Power      Damage    Failure   Level
a - Magic Dart            Conj           84%        1d7       1%          1
z - Searing Ray           Conj           42%        2d6       3%          2

Your spell library contained the following spells:

 Spells                   Type           Power      Damage    Failure   Level
 Slow                     Hex            8%         N/A       17%         1
 Dazzling Flash           Conj/Hex       22%        N/A       17%         3
 Confusing Touch          Hex            2%         N/A       45%         3
 Vampiric Draining        Necr           2%         2d6       45%         3
 Fulminant Prism          Conj/Hex       5%         3d7       50%         4
 Iskenderun's Mystic Bla  Conj/Tloc      11%        2d4       50%         4


Dungeon Overview and Level Annotations

Branches:
Dungeon (2/15)

Altars:


Innate Abilities, Weirdness & Mutations

Your plain brown scales are hard. (AC +5)
You cannot fit into any form of body armour.
You are cold-blooded and may be slowed by cold attacks.
You expend magic power (3 MP) to strengthen your wands.


Message History

The orc wizard hits you with a +0 dagger.
The orc wizard closely misses you.
Casting: Searing Ray (safe; 3% risk of failure)
Confirm with . or Enter, or press ? or * to list all spells.
Aiming: Searing Ray (safe; 3% risk of failure)
Press: ? - help, Shift-Dir - straight line, f - orc
Aim: an orc, wielding a +0 whip and wearing a +0 scale mail of poison resistance (81% to hit)
The searing ray hits the orc wizard!
You kill the orc wizard!
The searing ray hits the orc!
You kill the orc! (Press . to maintain the ray.)
Your Conjurations skill increases to level 5!
You completely miss something. Something hits you.
You barely miss something.
You hear some strange, mumbled words.
Something tries to affect you, but you resist.
You miss something. Something hits you but does no damage.
You closely miss something.
You hear some strange, mumbled words.
You are confused.
You miss something. Something hits you.
You closely miss something.
Your tail-slap misses something.
Something hits you.
You bump into the rock wall.
Something hits you but does no damage.
You bump into the rock wall.
Something hits you.
* * * LOW HITPOINT WARNING * * *
Something hits you.
* * * LOW HITPOINT WARNING * * *
It was a potion of degeneration.
There was something very wrong with that liquid.
You feel weakened.
You feel dopey.
You feel clumsy.
You feel less confused. Something hits you but does no damage.
It was a potion of cancellation.
You feel magically purged. Something hits you.
* * * LOW HITPOINT WARNING * * *
It was a potion of mutation.
You feel extremely strange.
You feel your magical essence link to the dungeon's wands.
Something hits you.
You die...

. ######...#
#..).{....
##########.####.###
...........## .#
............#####.#
...........).)..@.#
............#######
............#
............#
.....>......#
............#
.........#
..........# ...


There were no monsters in sight!

Vanquished Creatures
  An orc wizard (D:2)
  An adder (D:2)
  2 orcs (D:2)
  4 bats
  2 endoplasms (D:2)
  3 goblins
  A hobgoblin (D:2)
  5 jackals (D:1)
  2 quokkas (D:2)
  4 ball pythons
  2 kobolds (D:1)
  3 rats (D:1)
30 creatures vanquished.

Notes
Turn   | Place    | Note
-------+----------+-------------------------------------------
     0 | D:1      | experimilk the Draconian Conjurer began the quest for the
                  | Orb.
     0 | D:1      | Reached XP level 1. HP: 14/14 MP: 3/3
   319 | D:1      | Reached XP level 2. HP: 20/20 MP: 3/5
  1292 | D:2      | Reached XP level 3. HP: 26/26 MP: 1/6
  1301 | D:2      | Learned a level 2 spell: Searing Ray
  1445 | D:2      | Reached skill level 5 in Conjurations
  1456 | D:2      | HP: 1/26 [something (3)]
  1457 | D:2      | Gained mutation: You expend magic power (3 MP) to
                  | strengthen your wands. [potion of mutation]
  1457 | D:2      | Slain by an orc wizard

Illustrated notes

Levels and vault maps discovered:
D:1:      saegor_arrival_simple_e, layout_loops_cross, serial_forest,
          infiniplex_forest_lined_3, infiniplex_forest_split,
          infiniplex_forest_clump_long, infiniplex_forest_lined_2,
          infiniplex_forest_clump_large, infiniplex_forest_lined_3
D:2:      layout_basic, uniq_jessica

Skill      XL: |  1  2  3 |
---------------+----------+-----
Conjurations   | 5 |  5.1
Dodging        | |  1.7
Stealth        | |  1.7
Spellcasting   | |  2.7

Action                   || total
-------------------------++-------
Melee: Whip              ||    28
       Tailslap          ||     3
 Cast: Magic Dart        ||    49
       Searing Ray       ||     2
  Use: Scroll            ||     2
       Potion            ||     4
Armor: Skin              ||    15
Dodge: Dodged            ||    39

Table legend: (Time is in decaauts)
 A = Elapsed time spent in this place.
 B = Non-inter-level travel time spent in this place.
 C = Inter-level travel time spent in this place.
 D = Time resting spent in this place.
 E = Time spent auto-exploring this place.
 F = Levels seen in this place.
 G = Mean time per level.
                   A        B        C        D        E       F      G
               +--------+--------+--------+--------+--------+-----+--------+
         Total |   1458 |   1433 |     25 |      6 |   1247 |   2 |  729.0 |
       Dungeon |   1458 |   1433 |     25 |      6 |   1247 |   2 |  729.0 |
               +--------+--------+--------+--------+--------+-----+--------+

Top non-repeatable levels by time:
     D:1: 963 daAuts
     D:2: 495 daAuts
